 Dungeon Crawl Stone Soup version 0.21.1-1-g345015fe64 (webtiles) character file.

50 Oravi the Insei (level 3, -1/26 HPs)
             Began as a Merfolk Transmuter on Apr 27, 2018.
             Splashed by a jelly's acid (10 damage)
             ... on level 2 of the Dungeon.
             The game lasted 00:04:18 (1150 turns).

Oravi the Insei (Merfolk Transmuter)                Turns: 1150, Time: 00:04:19

Health: -1/26      AC: -6    Str: 10    XL:     3   Next: 79%
Magic:  2/6        EV: 13    Int: 13    God:
Gold:   24         SH:  0    Dex: 14    Spells: 0/6 levels left

rFire    . . .     SeeInvis .     - Unarmed
rCold    . . .     Gourm    .   (no shield)
rNeg     . . .     Faith    .   b - +0 robe
rPois    .         Spirit   .   (no helmet)
rElec    .         Reflect  .   (no cloak)
rCorr    .         Harm     .   (no gloves)
MR       .....                  (no boots)
Stlth    +.........             (no amulet)
HPRegen  0.08/turn              (no ring)
MPRegen  0.10/turn              (no ring)

@: corroded, very slightly contaminated
A: change form in water, swift swim, stealthy swim
a: no special abilities


You were on level 2 of the Dungeon.
You were not hungry.

You visited 1 branch of the dungeon, and saw 2 of its levels.

You collected 24 gold pieces.

Inventory:

Missiles
 a - 12 arrows
 f - 20 stones (quivered)
Armour
 b - a +0 robe (worn)
Scrolls
 e - a scroll of identify {unknown}
 i - a scroll of magic mapping {unknown}
Potions
 h - 2 potions of degeneration {unknown}
Books
 c - a book of Changes

   Spells                             Type                      Level
   a - Beastly Appendage              Transmutation                1
   b - Sticks to Snakes               Transmutation                2
   c - Spider Form                    Transmutation/Poison         3
   d - Ice Form                       Ice/Transmutation            4
   e - Blade Hands                    Transmutation                5
Comestibles
 d - 2 rations
 g - a chunk of flesh


   Skills:
 + Level 1.1 Fighting
 + Level 3.3 Dodging
 + Level 4.2 Unarmed Combat
 - Level 2.0 Spellcasting
 * Level 3.7 Transmutations
 * Level 0.1 Poison Magic


You couldn't memorise any spells.
You knew the following spells:

 Your Spells              Type           Power        Failure   Level  Hunger
a - Beastly Appendage     Tmut           ##....       5%          1    ##.....
b - Sticks to Snakes      Tmut           ##......     9%          2    ###....
c - Spider Form           Tmut/Pois      #.........   34%         3    ####...


Dungeon Overview and Level Annotations

Branches:
Dungeon (2/15)

Altars:


Message History

Your transformation has ended.
Your +0 robe unmelds from your body.
The jelly barely misses you.
You hit the jelly.
Your hands burn!
The jelly is moderately wounded.
The jelly closely misses you.
You hit the jelly. The acid corrodes you!
Your hands burn!
The jelly is severely wounded.
The jelly hits you. The acid corrodes you!
You are splashed with acid!
The acid burns!
Casting: Spider Form
Confirm with . or Enter, or press ? or * to list all spells.
You miscast Spider Form.
You are very lightly contaminated with residual magic.
You feel a strange surge of energy! The jelly closely misses you.
Casting: Spider Form
Confirm with . or Enter, or press ? or * to list all spells.
You don't have enough magic to cast that spell.
The jelly hits you. The acid corrodes you!
You are splashed with acid!
The acid burns!
You die...

#.# #.# ##### #.# ....# <..
###.## #.# .....##########.#
#..............<############
##...#### #..@JS.........
##.##### #.#############
#..>..# #.# #####.# #.#
#.######.# #........#
##########


You could see a jelly and a ball python.

Vanquished Creatures
  An adder (D:2)
  3 dart slugs (D:1)
  4 bats
  A giant cockroach (D:1)
  7 goblins
  3 hobgoblins (D:1)
  3 jackals (D:2)
  3 kobolds (D:1)
  A frilled lizard (D:1)
  5 rats (D:1)
31 creatures vanquished.

Notes
Turn   | Place    | Note
-------+----------+-------------------------------------------
     0 | D:1      | Oravi the Merfolk Transmuter began the quest for the Orb.
     0 | D:1      | Reached XP level 1. HP: 15/15 MP: 3/3
   104 | D:1      | Reached XP level 2. HP: 21/21 MP: 5/5
   469 | D:1      | Reached skill level 4 in Unarmed Combat
   517 | D:1      | Reached XP level 3. HP: 21/26 MP: 4/6
   521 | D:1      | Learned a level 2 spell: Sticks to Snakes
   525 | D:1      | Learned a level 3 spell: Spider Form
  1150 | D:2      | Splashed by a jelly's acid

Skill      XL: |  1  2 |
---------------+-------+-----
Transmutations | 3 |  3.7
Dodging        | 3 |  3.3
Unarmed Combat | 4 |  4.2
Fighting       | |  1.1
Spellcasting   | |  2.0
Poison Magic   | |  0.1

Action                   || total
-------------------------++-------
Melee: Unarmed           ||    68
       Headbutt          ||    10
Throw: Stone             ||    33
 Cast: Beastly Appendage ||    10
       Spider Form       ||     7
  Eat: Chunk             ||     2
Armor: Robe              ||     7
       Skin              ||     2
Dodge: Dodged            ||    65
